 Dungeon Crawl Stone Soup version 0.28-a0-723-g095bd1b44f (webtiles) character file.

Game seed: 14424032457102602671

11722 pokeman the Eclecticist (level 11, -15/57 HPs)
             Began as a Deep Elf Hedge Wizard on Oct 25, 2021.
             Was a Follower of Vehumet.
             Hit by a javelin thrown by Urug (17 damage)
             ... on level 11 of the Dungeon.
             The game lasted 00:40:42 (14369 turns).

pokeman the Eclecticist (Deep Elf Hedge Wizard)    Turns: 14369, Time: 00:40:43

Health: -15/57     AC: 15    Str:  7    XL:     11   Next: 53%
Magic:  31/32      EV: 11    Int: 23    God:    Vehumet [*.....]
Gold:   257        SH:  6    Dex: 19    Spells: 30/41 levels left

rFire   . . .      SeeInvis +   Q - +8 war axe of Lausek {drain, rN+ Dex+5}
rCold   . . .      Faith    .   D - +0 buckler
rNeg    + . .      Spirit   .   O - +0 swamp dragon scales
rPois   +          Reflect  .   h - +1 helmet {SInv}
rElec   .          Harm     .   o - +2 cloak {rCorr}
rCorr   +          Rampage  .   f - +0 pair of gloves
Will    +....                   x - +0 pair of boots
Stlth   ++........              q - amulet of magic regeneration
HPRegen 0.19/turn               t - +4 ring of slaying
MPRegen 0.48/turn               I - +4 ring of slaying

@: on blink cooldown
A: no striking features
a: Renounce Religion


You were on level 11 of the Dungeon.
You worshipped Vehumet.
Vehumet was aware of your devotion.
You visited 2 branches of the dungeon, and saw 12 of its levels.

You collected 530 gold pieces.
You spent 273 gold pieces at shops.

Inventory:

Hand Weapons
 n - a +3 quarterstaff of chaos
 C - a +0 shortbow
 G - a +1 trident of venom
 Q - the +8 war axe of Lausek (weapon) {drain, rN+ Dex+5}
   (You found it on level 9 of the Dungeon)

   A truly terrible weapon, it drains the life of any living foe it strikes.
   Dex:       It affects your dexterity (+5).
   rN:        It protects you from negative energy.
 S - a +0 hand crossbow
Missiles
 c - 54 bolts
 g - 282 arrows
 B - a throwing net
Armour
 f - a +0 pair of gloves (worn)
 h - a +1 helmet of see invisible (worn)
 o - a +2 cloak of preservation (worn)
 x - a +0 pair of boots (worn)
 D - a +0 buckler (worn)
 O - +0 swamp dragon scales (worn)
Magical Staves
 s - a staff of air
Jewellery
 q - an amulet of magic regeneration (around neck)
 t - a +4 ring of slaying (left hand)
 y - an amulet of regeneration
 I - a +4 ring of slaying (right hand)
 K - a +6 ring of intelligence
 P - a ring of resist corrosion
Wands
 i - a wand of iceblast (20)
 j - a wand of flame (49)
 m - a wand of digging (17)
 r - a wand of acid (4)
 R - a wand of polymorph (7)
Scrolls
 d - 11 scrolls of identify {unknown}
 k - 4 scrolls of noise {unknown}
 u - a scroll of amnesia {unknown}
 v - 7 scrolls of teleportation {unknown}
 z - 3 scrolls of enchant weapon {unknown}
 E - 2 scrolls of enchant armour {unknown}
 J - a scroll of fog {unknown}
 L - a scroll of immolation {unknown}
 M - 2 scrolls of brand weapon {unknown}
 U - a scroll of vulnerability {unknown}
Potions
 a - 3 potions of degeneration {unknown}
 b - a potion of might {unknown}
 e - 4 potions of magic
 l - a potion of invisibility {unknown}
 p - a potion of brilliance {unknown}
 w - 2 potions of flight {unknown}
 A - 5 potions of heal wounds
 F - 2 potions of lignification
 H - 5 potions of curing {unknown}
 N - a potion of attraction {unknown}
 T - a potion of haste {unknown}
 V - a potion of berserk rage


   Skills:
 - Level 2.0 Fighting
 + Level 3.3 Armour
 - Level 3.0 Dodging
 - Level 3.0 Stealth
 - Level 5.0 Shields
 * Level 15.5 Spellcasting
 + Level 9.2 Conjurations
 - Level 1.1 Summonings
 - Level 1.0 Necromancy
 - Level 1.1 Translocations
 + Level 8.5 Fire Magic
 - Level 1.0 Air Magic
 - Level 1.3 Poison Magic
 - Level 1.1 Evocations


You had 30 spell levels left.
You knew the following spells:

 Your Spells              Type           Power      Damage    Failure   Level
a - Magic Dart            Conj           100%       1d8       1%          1
b - Mephitic Cloud        Conj/Pois/Air  35%        N/A       6%          3
c - Call Imp              Summ           22%        N/A       10%         2
d - Blink                 Tloc           44%        N/A       10%         2
e - Conjure Flame         Conj/Fire      56%        6-21      1%          3

Your spell library contained the following spells:

 Spells                   Type           Power      Damage    Failure   Level
 Foxfire                  Conj/Fire      100%       2x1d9     1%          1
 Animate Skeleton         Necr           44%        N/A       7%          1
 Pain                     Necr           88%        1d8       7%          1
 Corpse Rot               Necr/Air       44%        N/A       10%         2
 Poisonous Vapours        Pois/Air       46%        N/A       10%         2
 Slow                     Hex            17%        N/A       16%         2
 Gell's Gravitas          Tloc           11%        N/A       21%         3
 Lesser Beckoning         Tloc           22%        N/A       21%         3
 Teleport Other           Tloc           22%        N/A       21%         3
 Vampiric Draining        Necr           11%        2d7       21%         3
 Leda's Liquefaction      Hex/Erth       8%         N/A       71%         4
 Lee's Rapid Deconstruct  Erth           8%         3d8*      96%         5
 Statue Form              Tmut/Erth      11%        N/A       100%        6


Dungeon Overview and Level Annotations

Branches:
Dungeon (11/15)            Temple (1/1) D:5            Lair (0/6) D:10
    Orc (0/2) D:9

Altars:
Ashenzari
Cheibriados
Dithmenos
Elyvilon
Fedhas
Gozag
Hepliaklqana
Kikubaaqudgha
Makhleb
Nemelex Xobeh
Okawaru
Qazlal
Ru
Sif Muna
Trog
Uskayaw
Vehumet
Wu Jian
Xom
Yredelemnul
Zin
The Shining One
Beogh

Shops:
D:2 !   D:4 *   D:9 *

Annotations:
D:10 3 runed translucent doors
D:11 Urug


Message History

The stinking cloud engulfs the yak but does no damage.
The yak is severely wounded.
The stinking cloud engulfs the yak but does no damage.
The yak is heavily wounded.
The stinking cloud engulfs you but does no damage.
The stinking cloud engulfs the yak but does no damage.
The yak is almost dead.
The yak gores the yak.
The yak barely misses you.
The yak is engulfed in noxious fumes. x2; The yak appears confused.
The yak is engulfed in noxious fumes.
The yak appears confused.
You feel stable enough to blink again.
The yak is engulfed in noxious fumes.
The yak appears confused.
The yak gores the yak!
The yak is engulfed in noxious fumes.
The yak appears confused.
You kill the yak!
Vehumet accepts your kill.
The yak is engulfed in noxious fumes.
The yak is engulfed in noxious fumes.
The yak appears confused.
The yak is engulfed in noxious fumes.
You kill the yak!
Vehumet accepts your kill.
Casting: Mephitic Cloud (dangerous; 6% risk of failure)
Confirm with . or Enter, or press ? or * to list all spells.
You blink.
The yak gores the yak!
The yak is killed!
Vehumet accepts your kill.
You feel stable enough to blink again.
The yak seems less confused.
The yak seems less drained.
Urug the Orcish Ballista comes into view.
She is wielding a +4 great sword and wearing a +0 chain mail of cold resistance.
Casting: Blink (safe; 10% risk of failure)
Confirm with . or Enter, or press ? or * to list all spells.
You blink.
Urug shouts!
Urug throws a javelin.
The javelin pierces through you.
* * * LOW HITPOINT WARNING * * *
Unknown command.
The yak gores you but does no damage.
Urug throws a javelin.
The javelin pierces through you!
You die...

.............#..#..#
.^...........#..#..#
.............####..#
.............#..####
#... ####....######..#..
#.... #.o.....§....#..
#..#.
#............#..####..#.
#.......Y....#.....#..#.
#......@.Y...#.....#..#.
####..#####..# #†.#..#.
#....#....# #..†....
#....#....# #.Y.†...
#....#....# #.......
#....#....# #.......
##..##....#####..####
#...........Y......#
#..................#


You could see Urug and 2 yaks.

Vanquished Creatures
  Nergalle (D:11)
  Maggie (D:8)
  A gargoyle (D:11)
  2 hornets
  A troll (D:9)
  25 yaks
  A shadow (D:10)
  A wyvern (D:11)
  A wraith (D:10)
  Grum (D:11)
  3 vampire mosquitoes (D:10)
  Menkaure (D:4)
  6 wargs
  A water moccasin (D:7)
  An ice beast (D:8)
  2 orc warriors
  A black bear (D:6)
  An ogre (D:6)
  3 wolves (D:11)
  7 centaurs
  A kobold brigand (D:5)
  2 bullfrogs
  2 gnoll sergeants
  3 scorpions
  A wyvern zombie (D:8)
  2 water moccasin skeletons
  21 killer bees
  2 howler monkeys (D:9)
  2 electric eels (D:6)
  2 centaur zombies
  5 hounds
  9 orc priests
  A bullfrog skeleton (D:4)
  2 centaur skeletons
  A gnoll shaman (D:8)
  An iguana (D:7)
  9 orc wizards
  A killer bee zombie (D:7)
  A hound skeleton (D:5)
  Robin (D:2)
  9 adders
  17 gnolls
  A howler monkey skeleton (D:7)
  2 white imps
  3 worms (D:3)
  A dart slug (D:2)
  37 orcs
  5 endoplasms
  4 giant cockroaches
  19 goblins
  9 hobgoblins
  2 jackals (D:5)
  5 kobolds
  A quokka (D:2)
  3 ball pythons
  3 bats
  A frilled lizard (D:2)
  2 rats (D:1)
254 creatures vanquished.

Vanquished Creatures (collateral kills)
  A warg (D:8)
  A killer bee (D:9)
  A howler monkey (D:9)
  Crazy Yiuf (D:2)
4 creatures vanquished.

Vanquished Creatures (others)
  A gnoll sergeant (D:7)
  An electric eel (D:7)
  A plant (D:2)
3 creatures vanquished.

Grand Total: 261 creatures vanquished

Notes
Turn   | Place    | Note
-------+----------+-------------------------------------------
     0 | D:1      | pokeman the Deep Elf Hedge Wizard began the quest for the
                  | Orb.
     0 | D:1      | Reached XP level 1. HP: 10/10 MP: 7/7
   230 | D:1      | Noticed an orc priest
   233 | D:1      | Reached XP level 2. HP: 16/16 MP: 6/9
   238 | D:1      | Noticed an orc warrior
   671 | D:1      | Reached skill level 5 in Spellcasting
  1299 | D:2      | Reached XP level 3. HP: 20/20 MP: 9/11
  1303 | D:2      | Learned a level 3 spell: Mephitic Cloud
  1306 | D:2      | Learned a level 2 spell: Call Imp
  1311 | D:2      | Learned a level 2 spell: Blink
  1315 | D:2      | Learned a level 3 spell: Conjure Flame
  1375 | D:2      | Noticed Robin
  1632 | D:2      | Found a faded altar of an unknown god.
  1646 | D:2      | Killed Robin
  1647 | D:2      | Reached skill level 1 in Fighting
  1647 | D:2      | Reached skill level 1 in Armour
  1870 | D:2      | Found Tofinkuru's Distillery.
  1878 | D:2      | Bought a potion of magic for 104 gold pieces
  2347 | D:2      | Found a runed translucent door.
  2348 | D:2      | Noticed Crazy Yiuf
  2370 | D:2      | HP: 1/20 [Crazy Yiuf (3)]
  2374 | D:2      | Killed Crazy Yiuf
  2375 | D:2      | Reached XP level 4. HP: 2/25 MP: 3/13
  3620 | D:4      | You fall into a shaft and drop 3 floors!
  3698 | D:6      | Reached skill level 1 in Fire Magic
  3715 | D:6      | Reached skill level 6 in Spellcasting
  3779 | D:5      | Entered Level 5 of the Dungeon
  3786 | D:5      | Reached XP level 5. HP: 29/29 MP: 10/15
  3857 | D:5      | Reached skill level 1 in Air Magic
  4328 | D:4      | Noticed Menkaure
  4338 | D:4      | Killed Menkaure
  4339 | D:4      | Reached skill level 7 in Spellcasting
  4339 | D:4      | Reached skill level 1 in Poison Magic
  4339 | D:4      | Reached skill level 1 in Evocations
  4339 | D:4      | Reached XP level 6. HP: 34/34 MP: 7/18
  4479 | D:4      | Found a glowing silver altar of Zin.
  4580 | D:4      | Found Cuusyc's Neck Hole.
  5235 | D:1      | Reached XP level 7. HP: 38/38 MP: 12/20
  5254 | D:1      | Reached skill level 8 in Spellcasting
  5778 | D:5      | Found a staircase to the Ecumenical Temple.
  5790 | Temple   | Entered the Ecumenical Temple
  6601 | D:6      | Reached XP level 8. HP: 41/44 MP: 16/22
  6606 | D:6      | Reached skill level 9 in Spellcasting
  7034 | D:6      | Reached skill level 5 in Conjurations
  7426 | D:6      | Reached skill level 1 in Shields
  7590 | D:6      | Reached skill level 10 in Spellcasting
  7909 | D:2      | Bought 2 potions of heal wounds for 130 gold pieces
  7909 | D:2      | Bought a potion of lignification for 39 gold pieces
  8222 | D:7      | Reached XP level 9. HP: 48/48 MP: 12/25
  8231 | D:7      | Reached skill level 1 in Necromancy
  8259 | D:7      | Reached skill level 11 in Spellcasting
  8583 | D:7      | Reached skill level 5 in Fire Magic
  8971 | D:7      | Found an iron altar of Okawaru.
  9892 | D:8      | Found a white marble altar of Elyvilon.
 10023 | D:8      | Noticed Maggie
 10039 | D:8      | Killed Maggie
 10205 | D:8      | Reached skill level 12 in Spellcasting
 10889 | D:9      | Noticed a troll
 11266 | D:9      | Reached XP level 10. HP: 49/53 MP: 26/28
 11286 | D:9      | Reached skill level 13 in Spellcasting
 11442 | D:9      | Found a staircase to the Orcish Mines.
 11922 | D:9      | Found Veesiq's Wicked Wares.
 11944 | D:9      | Identified the +8 war axe of Lausek {drain, rN+ Dex+5}
 12100 | D:9      | Found a sparkling altar of Nemelex Xobeh.
 12212 | D:9      | Found a radiant altar of Vehumet.
 12330 | D:9      | Became a worshipper of Vehumet
 12421 | D:10     | Entered Level 10 of the Dungeon
 12489 | D:10     | Found a runed translucent gate.
 12489 | D:10     | Found a runed translucent gate.
 12489 | D:10     | Found a runed translucent gate.
 12497 | D:10     | Noticed a cyan ugly thing
 12498 | D:10     | Noticed a purple ugly thing
 12498 | D:10     | Noticed a white ugly thing
 12499 | D:10     | Noticed a cyan ugly thing
 12812 | D:10     | Found a shimmering altar of Xom.
 12821 | D:10     | Reached skill level 14 in Spellcasting
 12835 | D:10     | Reached XP level 11. HP: 42/57 MP: 24/31
 13005 | D:10     | Reached skill level 5 in Shields
 13248 | D:10     | Found a staircase to the Lair.
 13825 | D:11     | Reached skill level 15 in Spellcasting
 14083 | D:11     | Reached * piety under Vehumet
 14083 | D:11     | Offered knowledge of Foxfire by Vehumet.
 14085 | D:11     | Noticed Nergalle
 14092 | D:11     | Noticed Grum
 14103 | D:11     | Killed Nergalle
 14105 | D:11     | Killed Grum
 14339 | D:11     | HP: 2/57 [yak (12)]
 14366 | D:11     | Noticed Urug
 14368 | D:11     | HP: 2/57 [Urug/javelin (6)]
 14369 | D:11     | Hit by a javelin thrown by Urug

Illustrated notes

Levels and vault maps discovered:
D:1:      erik_arrival_cave_to_civilisation [erik_arrival_cave_to_temple],
          layout_basic
D:2:      layout_basic, hellmonk_ecumenical_altar_arch_garden, serial_forest,
          infiniplex_forest_lined_room_2, infiniplex_forest_clump_double,
          infiniplex_forest_end_3, infiniplex_forest_lined_corner,
          infiniplex_forest_pool, infiniplex_forest_lined_room_2,
          infiniplex_forest_lined_3_way, infiniplex_forest_straight_2,
          serial_shops, nicolae_diamond_shop, uniq_crazy_yiuf_cottage,
          uniq_robin
D:3:      layout_basic
D:4:      layout_loops_ring, mainiacjoe_overflow_alcove_1,
          nicolae_shop_sticking_my_neck_out, uniq_menkaure
D:5:      layout_loops_corners, minmay_temple_entry_offerings,
          amcnicky_mini_pool_small, cheibrodos_gnoll_hut
D:6:      layout_loops_corners, ebering_dispersal_statue_hall,
          kennysheep_big_empty_room, grunt_ministairs_1
D:7:      layout_basic, mainiacjoe_overflow_alcove_4, nicolae_water_bricks
D:8:      layout_basic, mainiacjoe_overflow_surrounded_room, uniq_maggie
D:9:      layout_cave_pools, nemelex_spade_bored_becter, general_overflow_altar,
          minmay_orc_entry_guard_dogs, nicolae_evil_shop
D:10:     layout_cave_pools, mainiacjoe_overflow_brackets,
          erik_lair_orcish_takeover, ploomutoo_gammafunk_ghost_potion_laboratory
D:11:     minmay_goldmine, layout_grid_maze, okawaru_altar_gauntlet_db,
          uniq_urug, uniq_grum, uniq_nergalle
Temple:   kb_temple_of_zot

Skill      XL: |  1  2  3  4  5  6  7  8  9 10 11 |
---------------+----------------------------------+-----
Spellcasting   | 5 6 7 8 10 12 14 15 | 15.5
Fighting       | 1 2 |  2.0
Armour         | 1 2 3 |  3.3
Conjurations   | 2 3 4 5 7 8 9 |  9.2
Fire Magic     | 1 3 4 6 7 8 |  8.5
Dodging        | 3 |  3.0
Air Magic      | 1 |  1.0
Stealth        | 3 |  3.0
Poison Magic   | 1 |  1.3
Evocations     | 1 |  1.1
Shields        | 2 3 4 5 |  5.0
Necromancy     | 1 |  1.0
Summonings     | |  1.1
Translocations | |  1.1

Action                   |  1- 3 |  4- 6 |  7- 9 | 10-12 || total
-------------------------+-------+-------+-------+-------++-------
Melee: Dagger            |    36 |     9 |    79 |       ||   124
       Quarterstaff      |       |     8 |       |       ||     8
       Trident           |       |       |    70 |    39 ||   109
       War axe           |       |       |       |    73 ||    73
 Cast: Magic Dart        |   108 |   101 |   105 |    63 ||   377
       Call Imp          |     2 |       |     5 |     7 ||    14
       Mephitic Cloud    |     1 |     5 |    39 |    31 ||    76
       Conjure Flame     |       |     3 |    25 |    23 ||    51
       Blink             |       |       |     3 |    33 ||    36
Evoke: Wand              |       |     1 |     2 |     5 ||     8
 Stab: Sleeping          |     1 |       |       |     2 ||     3
       Confused          |       |     1 |    14 |    18 ||    33
Armor: Robe              |    13 |     2 |       |       ||    15
       Leather armour    |       |    13 |    51 |       ||    64
       Swamp dragon scal |       |       |    28 |    60 ||    88
Dodge: Dodged            |    39 |    23 |   100 |    75 ||   237
Block: Buckler           |       |       |       |    25 ||    25

Table legend: (Time is in decaauts)
 A = Elapsed time spent in this place.
 B = Non-inter-level travel time spent in this place.
 C = Inter-level travel time spent in this place.
 D = Time resting spent in this place.
 E = Time spent auto-exploring this place.
 F = Levels seen in this place.
 G = Mean time per level.
                   A        B        C        D        E       F      G
               +--------+--------+--------+--------+--------+-----+--------+
         Total |  14453 |  13597 |    856 |   1239 |  10101 |  12 | 1204.4 |
       Dungeon |  14334 |  13493 |    841 |   1239 |  10009 |  11 | 1303.1 |
        Temple |    118 |    103 |     15 |      0 |     92 |   1 |  118.0 |
               +--------+--------+--------+--------+--------+-----+--------+

Top non-repeatable levels by time:
     D:8: 2052 daAuts
     D:2: 1663 daAuts
     D:7: 1584 daAuts
     D:5: 1319 daAuts
     D:6: 1318 daAuts
     D:1: 1309 daAuts
     D:4: 1246 daAuts
    D:10: 1226 daAuts
     D:3: 984 daAuts
     D:9: 947 daAuts
    D:11: 681 daAuts
  Temple: 118 daAuts
